 Dungeon Crawl Stone Soup version 0.25-a0-292-gaa31f046c4 (webtiles) character file.

Game seed: 8149556029808654838, levelgen mode: classic

79 Borgoz the Slasher (level 4, -5/27 HPs)
             Began as a Gargoyle Gladiator on Dec 15, 2019.
             Killed from afar by an orc wizard (10 damage)
             ... with a magic dart
             ... on level 3 of the Dungeon.
             The game lasted 00:01:55 (1684 turns).

Borgoz the Slasher (Gargoyle Gladiator)             Turns: 1684, Time: 00:01:55

Health: -5/27      AC: 10    Str: 21    XL:     4   Next: 38%
Magic:  4/4        EV: 12    Int:  8    God:
Gold:   102        SH:  0    Dex: 12    Spells: 3/3 levels left

rFire    + . .     SeeInvis .   a - +0 long sword
rCold    + . .     Gourm    .   (no shield)
rNeg     + . .     Faith    .   h - +0 ring mail
rPois    ∞         Spirit   .   c - +0 helmet
rElec    +         Reflect  .   (no cloak)
rCorr    +         Harm     .   (no gloves)
MR       .....                  (no boots)
Stlth    +.........             (no amulet)
HPRegen  0.09/turn              l - +3 ring of strength
MPRegen  0.09/turn              (no ring)

@: resistant
A: negative energy resistance 1, electricity resistance, unbreathing,
petrification resistance, rot immunity, AC +3
a: no special abilities


You were on level 3 of the Dungeon.
You were not hungry.

You visited 1 branch of the dungeon, and saw 3 of its levels.

You collected 102 gold pieces.

Inventory:

Hand Weapons
 a - a +0 long sword (weapon)
Missiles
 d - 3 throwing nets (quivered)
Armour
 c - a +0 helmet (worn)
 h - a +0 ring mail (worn)
Jewellery
 l - a +3 ring of strength (left hand)
Scrolls
 g - 3 scrolls of fog {unknown}
 j - 3 scrolls of identify {unknown}
 k - a scroll of fear {unknown}
 m - a scroll of remove curse {unknown}
 n - 3 scrolls of magic mapping {unknown}
Potions
 e - a potion of cancellation {unknown}
 i - a potion of heal wounds {unknown}
 o - a potion of berserk rage {unknown}
Comestibles
 f - 3 rations
 p - a chunk of flesh


   Skills:
 + Level 2.9 Fighting
 * Level 3.5 Long Blades
 - Level 1.7 Throwing
 + Level 1.6 Armour
 + Level 2.8 Dodging


You had 3 spell levels left.
You didn't know any spells.
Your spell library was empty.

Dungeon Overview and Level Annotations

Branches:
Dungeon (3/15)

Altars:
Uskayaw


Innate Abilities, Weirdness & Mutations

You are resistant to torment.
Your stone body is resilient. (AC +3)
You are immune to poison.
You resist negative energy. (rN+)
You are resistant to electric shocks. (rElec)
You can survive without breathing.
You are immune to petrification.
You are immune to rotting.


Message History

The puff of frost hits you!
* * * LOW HITPOINT WARNING * * *
It was a potion of resistance.
You feel protected. The goblin hits you.
* * * LOW HITPOINT WARNING * * *
The orc wizard points at you and mumbles some strange words.
The puff of flame misses you.
You slash the orc wizard!
The orc wizard is almost dead.
The orc wizard hits you but does no damage.
The goblin hits you.
* * * LOW HITPOINT WARNING * * *
The orc wizard hits you but does no damage.
The goblin hits you but does no damage.
Your ring mail prevents you from hitting the orc wizard.
The orc wizard is almost dead.
The orc wizard points at you and mumbles some strange words.
The magic dart hits you!
You die...

.. #...... .. #...... #.
#...... # #.#########
###.#.# #.####.........#
#.#.. ...............#
#.### ...............###
#.# #
...(..o).........###.###
......g@.......#.#....##
......##########.#.#..##
..... #...#..# ....
#...#..## ... #...#....
.. #.#.#.### . #.#.#.#
#.#.#.# #.#...#


You could see an orc wizard and a goblin.

Vanquished Creatures
  An adder (D:3)
  2 oozes
  A worm (D:3)
  2 dart slugs
  2 leopard geckos (D:3)
  3 orcs (D:3)
  4 bats
  2 giant cockroaches (D:1)
  9 goblins
  2 hobgoblins
  5 jackals (D:1)
  3 kobolds
  2 ball pythons (D:1)
  2 frilled lizards
  5 rats
45 creatures vanquished.

Notes
Turn   | Place    | Note
-------+----------+-------------------------------------------
     0 | D:1      | Borgoz the Gargoyle Gladiator began the quest for the Orb.
     0 | D:1      | Reached XP level 1. HP: 12/12 MP: 1/1
   111 | D:1      | Reached XP level 2. HP: 18/18 MP: 2/2
   181 | D:1      | Reached skill level 3 in Long Blades
   329 | D:1      | Reached skill level 1 in Armour
   332 | D:1      | Reached XP level 3. HP: 20/22 MP: 3/3
   766 | D:2      | Found a hide-covered altar of Uskayaw.
  1468 | D:3      | Reached XP level 4. HP: 22/27 MP: 4/4
  1684 | D:3      | Killed from afar by an orc wizard

Levels and vault maps discovered:
D:1:      lightli_arrival_farm, layout_rooms
D:2:      layout_loops_corners, lemuel_doored_altar
D:3:      layout_basic

Skill      XL: |  1  2 |
---------------+-------+-----
Long Blades    | 3 |  3.5
Armour         | 1 |  1.6
Fighting       | |  2.9
Throwing       | |  1.7
Dodging        | |  2.8

Action                   |  1- 3 |  4- 6 || total
-------------------------+-------+-------++-------
Melee: Long sword        |    99 |    40 ||   139
  Use: Potion            |       |     1 ||     1
  Eat: Chunk             |     2 |     1 ||     3
Armor: Ring mail         |    46 |    24 ||    70
Dodge: Dodged            |    74 |    36 ||   110
       Rpst.: Long sword |    20 |     7 ||    27

Table legend:
 A = Non-vault XP
 B = Vault XP
 C = Vault XP percentage of total XP
 D = Non-vault monster count
 E = Vault monster count
 F = Vault count percentage of total count
                 A         B        C        D         E       F
            +---------+---------+-------+---------+---------+-------
      Total |     114 |       0 |   0.0 |      45 |       0 |   0.0
            +---------+---------+-------+---------+---------+-------
        D:1 |      40 |       0 |   0.0 |      23 |       0 |   0.0
        D:2 |      25 |       0 |   0.0 |      10 |       0 |   0.0
        D:3 |      49 |       0 |   0.0 |      12 |       0 |   0.0
            +---------+---------+-------+---------+---------+-------
